 Dungeon Crawl Stone Soup version 0.30-a0-626-gd6a5dd7a1f (webtiles) character file.

Game seed: 8960018019739529237

226 Bnni the Vexing (level 6, -1/43 (45) HPs)
             Began as a Formicid Hexslinger on Jan 11, 2023.
             Slain by an orc
             ... wielding a +2 hand axe of electrocution
              (20 damage)
             ... on level 4 of the Dungeon.
             The game lasted 00:03:01 (2730 turns).

Bnni the Vexing (Formicid Hexslinger)               Turns: 2730, Time: 00:03:02

HP:   -1/43 (45)    AC:  2    Str: 15    XL:     6   Next: 21%
MP:   7/9           EV: 12    Int: 14    God:
Gold: 269           SH:  0    Dex: 14    Spells: 1/9 levels left

rFire   . . .      SeeInvis +    a - +1 sling
rCold   . . .      Faith    .    (no shield)
rNeg    . . .      Spirit   .    c - +0 robe
rPois   .          Reflect  .    (helmet unavailable)
rElec   .          Harm     .    (no cloak)
rCorr   .          Rampage  .    (no gloves)
Will    .....                    (no boots)
Stlth   +                        e - amulet of the acrobat
HPRegen 0.27/turn                (no ring)
MPRegen 0.11/turn                (no ring)

@: lightly drained
A: permanent stasis, dig shafts and tunnels, antennae 3, four strong arms
a: Dig, Shaft Self


You were on level 4 of the Dungeon.
You visited 1 branch of the dungeon, and saw 4 of its levels.
You also visited: Sewer.

You collected 269 gold pieces.

Inventory:

Hand Weapons
 a - a +1 sling (weapon)
Armour
 c - a +0 robe (worn)
Jewellery
 e - an amulet of the acrobat (around neck)
 r - an amulet of faith
Scrolls
 b - a scroll of poison
 d - a scroll of silence {unknown}
 g - a scroll of acquirement {unknown}
 h - a scroll of enchant weapon {unknown}
 j - 2 scrolls of identify {unknown}
 n - a scroll of fog {unknown}
 o - 3 scrolls of teleportation {unknown}
 q - a scroll of fear {unknown}
Potions
 f - 4 potions of degeneration {unknown}
 i - 2 potions of might {unknown}
 k - 2 potions of heal wounds {unknown}
 l - a potion of brilliance {unknown}
 m - 2 potions of cancellation {unknown}
 p - a potion of mutation {unknown}
 s - a potion of lignification {unknown}
 t - a potion of attraction {unknown}
 u - a potion of curing {unknown}


   Skills:
 + Level 2.3 Fighting
 * Level 3.4 Ranged Weapons
 - Level 1.7 Dodging
 + Level 2.1 Spellcasting
 * Level 4.9 Hexes
 * Level 2.6 Fire Magic


You had one spell level left.
You knew the following spells:

 Your Spells              Type           Power      Damage    Failure   Level
a - Slow                  Hex            60%        N/A       3%          1
b - Inner Flame           Hex/Fire       12%        N/A       16%         3
d - Cause Fear            Hex            7%         N/A       30%         4

Your spell library contained the following spells:

 Spells                   Type           Power      Damage    Failure   Level
 Portal Projectile        Hex/Tloc       16%        N/A       26%         3
 Iskenderun's Battlesphe  Conj           1%         2d6       100%        5
 Iron Shot                Conj/Erth      0%         9d1       100%        6
 Spellforged Servitor     Conj/Summ      0%         N/A       100%        7


Dungeon Overview and Level Annotations

Branches:
Dungeon (4/15)              Sewer (visited)
 Temple: D:4-7

Altars:
Ashenzari
Makhleb
Xom


Innate Abilities, Weirdness & Mutations

You cannot be hasted, slowed, berserked, paralysed or teleported.
You can dig through walls and to a lower floor.
You have a pair of large antennae on your head. (SInv)
Your four strong arms can wield two-handed weapons with a shield.


Message History

You hear a shout!
You shoot a sling bullet. The sling bullet hits the orc.
You kill the orc!
An orc priest comes into view. It is wielding a +0 hand axe.
You shoot a sling bullet. The sling bullet hits the orc.
The orc is heavily wounded.
The orc priest mumbles some strange prayers to Beogh against you.
Beogh smites you!
You shoot a sling bullet. The sling bullet hits the orc.
The orc is severely wounded.
The orc hits you with a +2 hand axe of electrocution.
You shoot a sling bullet. The sling bullet hits the orc.
The orc is almost dead.
The orc priest invokes the aid of Beogh against you.
Pain shoots through your body! The orc misses you.
You shoot a sling bullet.
The sling bullet closely misses the orc.
The orc closely misses you.
The orc priest hits you with a +0 hand axe.
You are too injured to fight recklessly!
Casting: Slow (safe; 3% risk of failure)
Confirm with . or Enter, or press ? or * to list all spells.
Aiming: Slow (safe; 3% risk of failure)
Press: ? - help, Shift-Dir - straight line, f - orc priest, p - orc
Aim: an orc priest, wielding a +0 hand axe (chance to affect: 49%)
The orc priest resists with some effort.
The orc closely misses you. The orc priest barely misses you.
Casting: Slow (safe; 3% risk of failure)
Confirm with . or Enter, or press ? or * to list all spells.
Aiming: Slow (safe; 3% risk of failure)
Press: ? - help, Shift-Dir - straight line, f/p - orc priest
Aim: an orc priest, wielding a +0 hand axe (chance to affect: 49%)
The orc priest seems to slow down.
The orc closely misses you.
You shoot a sling bullet.
The sling bullet hits the orc but does no damage.
The orc is almost dead.
The orc priest hits you but does no damage.
The orc hits you with a +2 hand axe of electrocution.
You are electrocuted!!
You die...

####..###....#..#.
##..# #....####
#.... #.....#
#.... #.....#
#..(. #.....# ....
#.....# #.)
#.##.##
######o##.##.#..#
......o@........#
...........>....#
................#
................#
................#
................#
................#
..##########...##


You could see an orc priest (slow) and an orc.

Vanquished Creatures
  Pargi (Sewer)
  A crimson imp (D:3)
  An adder (D:3)
  4 worms
  2 dart slugs (D:1)
  An orc (D:4)
  10 ball pythons
  11 bats
  5 endoplasms
  5 giant cockroaches
  3 goblins
  5 hobgoblins
  3 jackals (D:1)
  4 quokkas
  3 frilled lizards
  5 kobolds
  6 rats
70 creatures vanquished.

Notes
Turn   | Place    | Note
-------+----------+-------------------------------------------
     0 | D:1      | Bnni the Formicid Hexslinger began the quest for the Orb.
     0 | D:1      | Reached XP level 1. HP: 15/15 MP: 2/2
   110 | D:1      | Reached XP level 2. HP: 21/21 MP: 3/3
   149 | D:1      | You fall into a shaft and drop 1 floor!
   293 | D:1      | Reached skill level 1 in Fire Magic
   313 | D:1      | Reached skill level 4 in Hexes
   313 | D:1      | Reached XP level 3. HP: 20/26 MP: 4/4
   324 | D:1      | Learned a level 3 spell: Inner Flame
  1042 | D:2      | Reached XP level 4. HP: 32/32 MP: 6/6
  1671 | D:3      | Found a glowing drain.
  1696 | Sewer    | Entered a sewer
  1724 | Sewer    | Noticed Pargi
  1729 | Sewer    | Killed Pargi
  1730 | Sewer    | Reached XP level 5. HP: 38/38 MP: 2/8
  1784 | Sewer    | Learned a level 4 spell: Cause Fear
  1939 | D:3      | Found a broken altar of Ashenzari.
  1985 | D:3      | Found a shimmering altar of Xom.
  1985 | D:3      | Found a burning altar of Makhleb.
  2076 | D:3      | Reached XP level 6. HP: 17/43 MP: 9/9
  2730 | D:4      | Slain by an orc

Illustrated notes

Levels and vault maps discovered:
D:1:      eino_arrival_cavern_b, layout_loops_ring
D:2:      layout_basic
D:3:      layout_basic, grunt_temple_overflow_champion_of_chaos,
          lemuel_tele_altar, portal_sewer_entry_f, corner_web_ring,
          kennysheep_big_empty_room, grunt_decor_resistance,
          hangedman_feature_mirror
D:4:      layout_gridville

Skill      XL: |  1  2  3  4 |
---------------+-------------+-----
Fire Magic     | 1 2 |  2.6
Hexes          | 4 |  4.9
Fighting       | 2 |  2.3
Ranged Weapons | 3 |  3.4
Spellcasting   | 2 |  2.1
Dodging        | |  1.7

Action                   |  1- 3 |  4- 6 || total
-------------------------+-------+-------++-------
Melee: Unarmed           |       |     8 ||     8
 Fire: Sling             |    91 |   178 ||   269
 Cast: Slow              |       |     9 ||     9
       Inner Flame       |       |     1 ||     1
Armor: Robe              |     7 |     9 ||    16
Dodge: Dodged            |    19 |    49 ||    68

Table legend: (Time is in decaauts)
 A = Elapsed time spent in this place.
 B = Non-inter-level travel time spent in this place.
 C = Inter-level travel time spent in this place.
 D = Time resting spent in this place.
 E = Time spent auto-exploring this place.
 F = Levels seen in this place.
 G = Mean time per level.
                   A        B        C        D        E       F      G
               +--------+--------+--------+--------+--------+-----+--------+
         Total |   2805 |   2700 |    105 |    141 |   1981 |   5 |  561.0 |
       Dungeon |   2638 |   2533 |    105 |     92 |   1895 |   4 |  659.5 |
         Sewer |    167 |    167 |      0 |     49 |     86 |   1 |  167.0 |
               +--------+--------+--------+--------+--------+-----+--------+

Top non-repeatable levels by time:
     D:3: 1038 daAuts
     D:1: 792 daAuts
     D:2: 781 daAuts
   Sewer: 167 daAuts
     D:4: 25 daAuts
